 Dungeon Crawl Stone Soup version 0.30-a0-1053-gbd8d5ba0ad (webtiles) character file.

Game seed: 11463146988122213798

14999 NateTC the Basher (level 12, 0/77 HPs)
             Began as a Gargoyle Fighter on Apr 12, 2023.
             Was an Elder of Okawaru.
             Slain by a komodo dragon (17 damage)
             ... on level 1 of the Lair of Beasts.
             The game lasted 00:25:36 (7390 turns).

NateTC the Basher (Gargoyle Fighter)                Turns: 7390, Time: 00:25:37

Health: 0/77       AC: 25    Str: 24    XL:     12   Next: 22%
Magic:  17/17      EV: 11    Int: 10    God:    Okawaru [****..]
Gold:   512        SH:  5    Dex:  9    Spells: 11/11 levels left

rFire   . . .      SeeInvis .    a - +2 flail (heavy)
rCold   . . .      Faith    .    c - +0 buckler
rNeg    + . .      Spirit   .    l - +0 plate armour
rPois   ∞          Reflect  .    h - +1 helmet
rElec   +          Rampage  .    o - +0 cloak
rCorr   .                        (no gloves)
Will    .....                    (no boots) Stlth
                                 e - amulet of regeneration
HPRegen 1.12/turn                q - +5 ring of evasion
MPRegen 0.15/turn                (no ring)

@: no status effects
A: sickness immunity, AC +8, negative energy resistance 1, electricity
resistance, torment resistance 1, petrification resistance
a: Renounce Religion, Heroism, Finesse


You were on level 1 of the Lair of Beasts.
You worshipped Okawaru.
Okawaru was greatly pleased with you.
You visited 2 branches of the dungeon, and saw 10 of its levels.
You also visited: Bailey.

You collected 512 gold pieces.

Inventory:

Hand Weapons
 a - a +2 heavy flail (weapon)
 s - a +0 morningstar
Missiles
 j - a throwing net (quivered)
Armour
 c - a +0 buckler (worn)
 h - a +1 helmet (worn)
 l - a +0 plate armour (worn)
 o - a +0 cloak (worn)
Jewellery
 e - an amulet of regeneration (around neck)
 n - a ring of flight
 q - a +5 ring of evasion (left hand)
Wands
 t - a wand of acid (7)
 v - a wand of flame (22)
Scrolls
 d - 3 scrolls of enchant armour
 k - 3 scrolls of enchant weapon
 p - a scroll of fog
 u - a scroll of acquirement {unknown}
 w - 2 scrolls of teleportation
 y - a scroll of magic mapping {unknown}
Potions
 b - 3 potions of flight
 f - 3 potions of lignification
 g - 7 potions of curing
 i - a potion of magic
 m - 2 potions of mutation
 r - 2 potions of attraction
 x - a potion of brilliance {unknown}


   Skills:
 - Level 10.0 Fighting
 * Level 12.1 Maces & Flails
 - Level 7.5 Armour
 - Level 8.0 Shields
 - Level 6.8 Invocations
 - Level 5.6 Evocations


You had 11 spell levels left.
You didn't know any spells.
Your spell library contained the following spells:

 Spells                   Type           Power      Damage    Failure   Level
 Shock                    Conj/Air       0%         1d3       99%         1
 Blink                    Tloc           0%         N/A       100%        2
 Passwall                 Tmut/Erth      0%         N/A       100%        2
 Inner Flame              Hex/Fire       0%         N/A       100%        3
 Swiftness                Air            0%         N/A       100%        3
 Airstrike                Air            0%         2d(0-16)  100%        4
 Flame Wave               Conj/Fire      0%         2d4       100%        4
 Manifold Assault         Tloc           0%         N/A       100%        4
 Sticky Flame             Conj/Fire      0%         2d3       100%        4
 Storm Form               Tmut/Air       0%         N/A       100%        7


Dungeon Overview and Level Annotations

Branches:
Dungeon (9/15) Zot: 25196  Temple (0/1) D:7            Lair (1/5) D:8 Zot: 5932
 Bailey (visited)
    Orc: D:9-12

Altars:
Gozag
Makhleb
Nemelex Xobeh
Okawaru
Sif Muna
Trog

Shops:
D:3 *   D:9 ?


Innate Abilities, Weirdness & Mutations

You are immune to sickness and miasma.
Your stone body is resilient. (AC +8)
You are immune to poison.
You resist negative energy. (rN+)
You are resistant to electric shocks. (rElec)
You are resistant to unholy torment.
You are immune to petrification.


Message History

You completely miss the cane toad.
The cane toad is almost dead.
The komodo dragon closely misses you.
An electric eel comes into view.
The cane toad misses you. The komodo dragon bites you!
The electric eel moves out of view.
You sock the cane toad!
You kill the cane toad!
Okawaru accepts your kill. The komodo dragon bites you!!
You are too injured to fight recklessly!
You are too injured to fight recklessly!
The komodo dragon attacks as you move away!
The komodo dragon bites you.
The komodo dragon attacks as you move away!
The komodo dragon bites you!!
* * * LOW HITPOINT WARNING * * *
You barely miss the komodo dragon. The komodo dragon closely misses you.
You closely miss the komodo dragon. The komodo dragon misses you.
You thump the komodo dragon!
The komodo dragon is lightly wounded.
The komodo dragon closely misses you.
The komodo dragon bites you but does no damage.
You hit the komodo dragon but do no damage.
The komodo dragon is lightly wounded.
The komodo dragon completely misses you.
You barely miss the komodo dragon.
The komodo dragon is lightly wounded.
The komodo dragon closely misses you.
You closely miss the komodo dragon.
The komodo dragon is lightly wounded.
The komodo dragon completely misses you.
You barely miss the komodo dragon.
The komodo dragon is lightly wounded.
The komodo dragon bites you!
* * * LOW HITPOINT WARNING * * *
The komodo dragon closely misses you.
The komodo dragon attacks as you move away!
The komodo dragon bites you!
You die...

##.# ... ##.#
#..#####..## .
#P.........######
..###..#.###)........
.....#.#.# ##.#####.#
.....P.#.####>#
.........#P.#.##
..........l@.[.#
.....#†#########
....... ~~~...#
~~♣#.# S ##


You could see a komodo dragon.

Vanquished Creatures
  3 death yaks
  2 two-headed ogres (D:9)
  An orc knight (Bailey)
  A cane toad (Lair:1)
  A komodo dragon (D:8)
  Grinder (D:4)
  3 blink frogs (D:8)
  Sigmund (D:3)
  Eustachio (D:4)
  A steam dragon (D:9)
  An acid dragon (D:9)
  A water moccasin (D:7)
  10 orc warriors
  A black bear (D:7)
  A sky beast (D:7)
  An ogre (D:6)
  2 centaurs
  A phantom (D:3)
  3 kobold brigands (D:9)
  6 bullfrogs
  A gnoll sergeant (D:9)
  2 scorpions
  3 wights (D:8)
  6 killer bees (D:9)
  4 howler monkeys
  A jelly (D:7)
  4 hounds
  An orc priest (D:7)
  Jessica (D:2)
  2 iguanas (D:5)
  5 orc wizards
  A sleepcap (D:7)
  Robin (D:3)
  14 gnolls
  8 adders
  3 shadow imps
  2 white imps (D:7)
  3 dart slugs
  43 orcs
  10 ball pythons
  6 endoplasms
  9 giant cockroaches
  16 goblins
  8 hobgoblins
  4 jackals (D:2)
  20 kobolds
  3 quokkas
  3 bats
  2 frilled lizards (D:1)
  3 rats
231 creatures vanquished.

Vanquished Creatures (others)
  33 plants
33 creatures vanquished.

Grand Total: 264 creatures vanquished

Notes
Turn   | Place    | Note
-------+----------+-------------------------------------------
     0 | D:1      | NateTC the Gargoyle Fighter began the quest for the Orb.
     0 | D:1      | Reached XP level 1. HP: 14/14 MP: 1/1
   138 | D:1      | Reached XP level 2. HP: 20/20 MP: 2/2
   166 | D:1      | Found a faded altar of an unknown god.
   364 | D:1      | Reached XP level 3. HP: 24/24 MP: 3/3
   915 | D:2      | Reached skill level 5 in Fighting
   963 | D:2      | Noticed Jessica
   968 | D:2      | Killed Jessica
   969 | D:2      | Reached XP level 4. HP: 29/31 MP: 4/4
   982 | D:2      | Identified the +8 ring mail of Intercession {Harm Dex+4}
  1110 | D:2      | Reached skill level 3 in Maces & Flails
  1394 | D:3      | Noticed Robin
  1426 | D:3      | Killed Robin
  1427 | D:3      | Reached XP level 5. HP: 32/35 MP: 5/5
  1447 | D:3      | Noticed Sigmund
  1473 | D:3      | Killed Sigmund
  1474 | D:3      | Reached skill level 5 in Maces & Flails
  1474 | D:3      | Reached XP level 6. HP: 39/40 MP: 6/6
  1703 | D:3      | Found an opulent altar of Gozag.
  1705 | D:3      | Found Gozag's Platinum Reserve.
  1869 | D:4      | Noticed Eustachio
  1873 | D:4      | Noticed Grinder
  1914 | D:4      | Reached XP level 7. HP: 42/44 MP: 7/7
  1916 | D:4      | Reached skill level 5 in Armour
  1969 | D:4      | Killed Eustachio
  1970 | D:4      | Reached skill level 5 in Shields
  1971 | D:4      | Paralysed by Grinder for 2 turns
  1981 | D:4      | Killed Grinder
  1982 | D:4      | Reached XP level 8. HP: 13/52 MP: 8/8
  2533 | D:5      | Entered Level 5 of the Dungeon
  2565 | D:5      | You fall into a shaft and drop 3 floors!
  2685 | D:8      | Found a burning altar of Makhleb.
  3536 | D:6      | Found a shimmering blue altar of Sif Muna.
  3542 | D:6      | Reached skill level 6 in Maces & Flails
  3546 | D:6      | Got Sif Muna's Enchiridion on Metamorphosis
  3551 | D:6      | Found a bloodstained altar of Trog.
  3580 | D:6      | Reached XP level 9. HP: 22/57 MP: 9/9
  3914 | D:7      | Found an iron altar of Okawaru.
  3930 | D:7      | Became a worshipper of Warmaster Okawaru
  3969 | D:7      | Reached skill level 7 in Maces & Flails
  4131 | D:7      | Found a staircase to the Ecumenical Temple.
  4345 | D:7      | Reached skill level 8 in Maces & Flails
  4349 | D:7      | Reached * piety under Okawaru
  4682 | D:8      | Found a staircase to the Lair.
  4683 | D:8      | Noticed a komodo dragon
  4694 | D:8      | Killed a komodo dragon
  4711 | D:8      | Reached skill level 9 in Maces & Flails
  5030 | D:8      | Found a sparkling altar of Nemelex Xobeh.
  5194 | D:9      | Reached ** piety under Okawaru
  5212 | D:9      | Reached skill level 10 in Maces & Flails
  5356 | D:9      | Reached XP level 10. HP: 55/63 MP: 10/10
  5384 | D:9      | Noticed a two-headed ogre
  5416 | D:9      | Killed a two-headed ogre
  5502 | D:9      | Reached *** piety under Okawaru
  5675 | D:9      | Found a flagged portal.
  5699 | Bailey   | Entered a bailey
  5956 | Bailey   | Noticed an orc knight
  6019 | Bailey   | HP: 1/66 [orc knight/+0 glaive (9)]
  6081 | Bailey   | Killed an orc knight
  6216 | D:9      | Reached skill level 10 in Fighting
  6346 | D:9      | Noticed a two-headed ogre
  6352 | D:9      | Killed a two-headed ogre
  6366 | D:9      | Found Sedoca's Magic Scroll Boutique.
  6720 | D:9      | Reached skill level 5 in Evocations
  6720 | D:9      | Reached XP level 11. HP: 72/72 MP: 10/16
  6837 | Lair:1   | Entered Level 1 of the Lair of Beasts
  6837 | Lair:1   | Noticed a death yak
  6837 | Lair:1   | Noticed a death yak
  6837 | Lair:1   | Noticed a death yak
  7112 | D:8      | Killed a death yak
  7112 | D:8      | Reached **** piety under Okawaru
  7113 | D:8      | Reached skill level 11 in Maces & Flails
  7113 | D:8      | Reached XP level 12. HP: 49/77 MP: 17/17
  7165 | D:8      | Killed a death yak
  7279 | D:7      | Killed a death yak
  7343 | D:8      | Reached skill level 12 in Maces & Flails
  7390 | Lair:1   | Slain by a komodo dragon

Illustrated notes

Levels and vault maps discovered:
D:1:      dpeg_arrival_stone_temple_mockup, layout_loops_ring,
          shapermc_ecumenical_altar_pompeii
D:2:      layout_loops_cross, uniq_jessica
D:3:      layout_basic, nicolae_gozag_zags_fifth_avenue, uniq_sigmund,
          uniq_robin
D:4:      layout_cave_pools, uniq_grinder, uniq_eustachio
D:5:      layout_basic
D:6:      layout_cave_pools, nzn_overflow_gifts_of_might_and_magic
D:7:      layout_gridville, mainiacjoe_overflow_catwalk,
          minmay_temple_entry_slanted, hangedman_decor_diamond_cutter
D:8:      layout_loops_ring, bloody_makhleb, lemuel_round_altar,
          david_lair_shrubbed
D:9:      layout_long_grid, lightli_bailey_entry_fortress, serial_shops,
          nicolae_shop_waterfront
Lair:1:   layout_loops_ring, nicolae_volcano_entry_hallway,
          infiniplex_staircase_pool, serial_bayou_shore_b, grunt_megastairs_5

Skill      XL: |  1  2  3  4  5  6  7  8  9 10 11 12 |
---------------+-------------------------------------+-----
Fighting       | 4 5 6 7 10 | 10.0
Maces & Flails | 3 5 6 10 11 12 | 12.1
Armour         | 4 5 7 |  7.5
Shields        | 5 8 |  8.0
Invocations    | 6 |  6.8
Evocations     | 5 |  5.6

Action                     |  1- 3 |  4- 6 |  7- 9 | 10-12 || total
---------------------------+-------+-------+-------+-------++-------
  Melee: Flail             |   103 |   128 |   326 |   255 ||   812
  Evoke: Wand              |       |       |     1 |       ||     1
    Use: Scroll            |     2 |     6 |     9 |     4 ||    21
         Potion            |       |       |       |     4 ||     4
 Armour: Scale mail        |    57 |    86 |       |       ||   143
         Chain mail        |       |    33 |   314 |       ||   347
         Plate armour      |       |       |    97 |   266 ||   363
  Dodge: Dodged            |    57 |    72 |   362 |   274 ||   765
  Block: Buckler           |    19 |    36 |   121 |   121 ||   297

Table legend: (Time is in decaauts)
 A = Elapsed time spent in this place.
 B = Non-inter-level travel time spent in this place.
 C = Inter-level travel time spent in this place.
 D = Time resting spent in this place.
 E = Time spent auto-exploring this place.
 F = Levels seen in this place.
 G = Mean time per level.
                   A        B        C        D        E       F      G
               +--------+--------+--------+--------+--------+-----+--------+
         Total |   7726 |   7086 |    640 |    222 |   3547 |  11 |  702.4 |
       Dungeon |   7175 |   6535 |    640 |    222 |   3502 |   9 |  797.2 |
          Lair |     67 |     67 |      0 |      0 |      3 |   1 |   67.0 |
        Bailey |    483 |    483 |      0 |      0 |     42 |   1 |  483.0 |
               +--------+--------+--------+--------+--------+-----+--------+

Top non-repeatable levels by time:
     D:9: 1251 daAuts
     D:7: 1083 daAuts
     D:8: 954 daAuts
     D:1: 817 daAuts
     D:4: 730 daAuts
     D:6: 630 daAuts
     D:2: 618 daAuts
     D:5: 585 daAuts
     D:3: 503 daAuts
  Bailey: 483 daAuts
  Lair:1: 67 daAuts
